 Dungeon Crawl Stone Soup version 0.29-a0-520-gc852659d43 (webtiles) character file.

Game seed: 17233634409821454034

4388 Ijustatesigmund the Magician (level 10, 0/74 HPs)
             Began as a Gnoll Fire Elementalist on May 31, 2022.
             Slain by a two-headed ogre
             ... wielding a +0 giant spiked club
              (25 damage)
             ... on level 8 of the Dungeon.
             The game lasted 00:24:54 (11121 turns).

Ijustatesigmund the Magician (GnFE)                Turns: 11121, Time: 00:24:55

Health: 0/74       AC:  5    Str:  9    XL:     10   Next: 35%
Magic:  1/20       EV: 14    Int: 24    God:
Gold:   265        SH:  0    Dex: 12    Spells: 3/23 levels left

rFire   . . .      SeeInvis .   d - +1 war axe (venom)
rCold   . . .      Faith    .   (no shield)
rNeg    . . .      Spirit   .   a - +0 robe
rPois   .          Reflect  .   F - +1 helmet
rElec   .          Harm     .   h - +0 cloak
rCorr   .          Rampage  .   (no gloves)
Will    .....                   (no boots)
Stlth   +++.......              (no amulet)
HPRegen 0.22/turn               D - ring of wizardry
MPRegen 0.17/turn               k - +6 ring of intelligence

@: no status effects
A: fangs 1, strong nose, distributed training
a: no special abilities


You were on level 8 of the Dungeon.
You visited 2 branches of the dungeon, and saw 9 of its levels.
You also visited: Sewer.

You collected 427 gold pieces.
You spent 162 gold pieces at shops.

Inventory:

Hand Weapons
 d - a +1 war axe of venom (weapon)
 u - the +5 flail of Beogh's Benevolence {vorpal, rElec rPois rF- Int+2}
   (You found it on level 4 of the Dungeon)

   It inflicts extra damage upon your enemies.
   Int:       It affects your intelligence (+2).
   rF:        It makes you vulnerable to fire.
   rElec:     It insulates you from electricity.
   rPois:     It protects you from poison.
 z - a +1 flail of holy wrath
 A - the +6 short sword "Ylutou" {flame, rF- Int+6 Dex+3}
   (You found it on level 5 of the Dungeon)

   It burns those it strikes, dealing additional fire damage.
   Int:       It affects your intelligence (+6).
   Dex:       It affects your dexterity (+3).
   rF:        It makes you vulnerable to fire.
 E - the +4 quarterstaff of Radicalism {drain, rCorr}
   (You found it on level 7 of the Dungeon)

   A truly terrible weapon, it drains the life of any living foe it strikes.
   rCorr:     It protects you from acid and corrosion.
Armour
 a - a +0 robe (worn)
 h - a +0 cloak (worn)
 F - a +1 helmet (worn)
Magical Staves
 b - a staff of cold
 o - a staff of earth
 r - a staff of conjuration
 t - a staff of air
Jewellery
 j - a ring of protection from fire
 k - a +6 ring of intelligence (right hand)
 x - a ring of protection from fire
 D - a ring of wizardry (left hand)
Wands
 n - a wand of polymorph (14)
 B - a wand of iceblast (8)
Scrolls
 m - a scroll of magic mapping
 p - a scroll of identify
 s - a scroll of enchant weapon
 v - a scroll of fear {unknown}
 y - a scroll of fog
Potions
 c - 4 potions of attraction
 e - 2 potions of ambrosia
 f - a potion of brilliance
 g - a potion of heal wounds
 i - a potion of invisibility
 l - 3 potions of curing
 q - 2 potions of magic
 w - 2 potions of mutation
 C - a potion of flight


   Skills:
 + Level 5.2 Fighting
 + Level 5.2 Short Blades
 + Level 5.2 Long Blades
 + Level 5.2 Axes
 + Level 5.2 Maces & Flails
 + Level 5.2 Polearms
 + Level 5.2 Staves
 + Level 5.2 Slings
 + Level 5.2 Bows
 + Level 5.2 Crossbows
 + Level 5.2 Throwing
 + Level 5.2 Armour
 + Level 7.0 Dodging
 + Level 6.7 Stealth
 + Level 5.2 Shields
 + Level 5.2 Unarmed Combat
 + Level 7.3 Spellcasting
 + Level 4.8 Conjurations
 + Level 4.3 Hexes
 + Level 4.3 Summonings
 + Level 4.3 Necromancy
 + Level 4.3 Translocations
 + Level 4.3 Transmutations
 + Level 7.0 Fire Magic
 + Level 4.3 Ice Magic
 + Level 4.3 Air Magic
 + Level 4.3 Earth Magic
 + Level 4.3 Poison Magic
 + Level 5.7 Invocations
 + Level 5.2 Evocations


You had 3 spell levels left.
You knew the following spells:

 Your Spells              Type           Power      Damage    Failure   Level
a - Foxfire               Conj/Fire      100%       2x1d9     1%          1
b - Scorch                Fire           84%        2d9       1%          2
c - Flame Wave            Conj/Fire      37%        2d9       2%          4
d - Mephitic Cloud        Conj/Pois/Air  30%        N/A       1%          3
e - Borgnjor's Vile Clut  Necr/Erth      14%        N/A       13%         5
f - Fireball              Conj/Fire      18%        3d9       7%          5

Your spell library contained the following spells:

 Spells                   Type           Power      Damage    Failure   Level
 Magic Dart               Conj           100%       1d8       1%          1
 Call Imp                 Summ           29%        N/A       1%          2
 Conjure Flame            Conj/Fire      37%        6-21      1%          3
 Inner Flame              Hex/Fire       36%        N/A       1%          3
 Animate Dead             Necr           29%        N/A       4%          4
 Iskenderun's Battlesphe  Conj           32%        2d8       11%         5
 Conjure Ball Lightning   Conj/Air       15%        3x3d6     52%         6
 Death Channel            Necr           14%        N/A       56%         6
 Orb of Destruction       Conj           16%        9d7       95%         7


Dungeon Overview and Level Annotations

Branches:
Dungeon (8/15)             Temple (1/1) D:4           Sewer (visited)
   Lair: D:8-11

Altars:
Ashenzari
Fedhas
Gozag
Hepliaklqana
Kikubaaqudgha
Makhleb
Nemelex Xobeh
Okawaru
Qazlal
Ru
Sif Muna
Trog
Uskayaw
Vehumet
Wu Jian
Xom

Shops:
D:4 (


Innate Abilities, Weirdness & Mutations

You have very sharp teeth.
Your uncanny sense of smell can sniff out nearby items.
Your experience applies equally to all skills.


Message History

Confirm with . or Enter, or press ? or * to list all spells.
Aiming: Fireball (dangerous; 7% risk of failure)
Press: ? - help, Shift-Dir - straight line, f/p - two-headed ogre
Aim: a two-headed ogre, wielding a +0 giant spiked club and a +0 giant club (lightly wounded, constricted by zombie hands)
The fireball explodes!
The fireball engulfs the orc wizard!
You kill the orc wizard!
The fireball engulfs the two-headed ogre!!
The two-headed ogre is heavily wounded.
The zombie hands constrict the two-headed ogre.
The two-headed ogre escapes!
Casting: Fireball (dangerous; 7% risk of failure)
Confirm with . or Enter, or press ? or * to list all spells.
Aiming: Fireball (dangerous; 7% risk of failure)
Press: ? - help, Shift-Dir - straight line, f/p - two-headed ogre
Aim: a two-headed ogre, wielding a +0 giant spiked club and a +0 giant club (heavily wounded)
The fireball explodes!
The fireball engulfs the two-headed ogre!!
The two-headed ogre is almost dead.
Casting: Fireball (dangerous; 7% risk of failure)
Confirm with . or Enter, or press ? or * to list all spells.
You don't have enough magic to cast this spell.
Casting: Fireball (dangerous; 7% risk of failure)
Confirm with . or Enter, or press ? or * to list all spells.
You conjure some foxfire!
The foxfire hits the two-headed ogre but does no damage.
The two-headed ogre is almost dead.
The two-headed ogre hits you with a +0 giant spiked club!!
The two-headed ogre hits you with a +0 giant club!
Unknown command.
You hit the two-headed ogre but do no damage.
The two-headed ogre is poisoned.
The two-headed ogre is almost dead.
The two-headed ogre hits you with a +0 giant spiked club.
The two-headed ogre hits you with a +0 giant club!
You hit the two-headed ogre but do no damage.
The two-headed ogre looks as sick as possible!
The two-headed ogre is almost dead.
The two-headed ogre barely misses you.
The two-headed ogre hits you with a +0 giant club!!
You die...

##...### #......#
#.O#..# .....#
###...# # #.#)# ####
∆ ∆ ##...# ...# ∆∆∆
#.O.## . #### ∆
##@#.# .. #
#..###..# #####
##......... ....#
#.......### #####
##.....#.#
...######## #......#
#
..........###.....##
##.#.###..........#
∆ #.#.# ######.###.#


You could see a two-headed ogre (extremely poisoned).

Vanquished Creatures
  Pikel (D:5)
  Grinder (D:5)
  6 yaks
  A steam dragon (D:6)
  Edmund (D:4)
  A water moccasin (D:6)
  A sky beast (Temple)
  4 black bears
  3 ogres
  2 ice beasts
  A kobold brigand (D:7)
  6 bullfrogs
  A gnoll sergeant (D:7)
  A necrophage (D:4)
  A scorpion (D:5)
  4 killer bees (D:7)
  2 howler monkeys
  4 orc priests
  Jessica (D:2)
  6 orc wizards
  Natasha (thrice) (D:3)
  3 iguanas
  4 gnolls (D:7)
  3 river rats (D:3)
  9 adders
  2 ufetubi
  A worm (D:3)
  2 dart slugs
  15 orcs
  10 endoplasms
  8 giant cockroaches
  8 goblins
  4 hobgoblins
  17 quokkas
  11 ball pythons
  9 bats
  9 frilled lizards (Sewer)
  12 kobolds
  10 rats
188 creatures vanquished.

Vanquished Creatures (collateral kills)
  A foxfire (D:5)
1 creature vanquished.

Vanquished Creatures (others)
  174 foxfires
  A plant (D:5)
175 creatures vanquished.

Grand Total: 364 creatures vanquished

Notes
Turn   | Place    | Note
-------+----------+-------------------------------------------
     0 | D:1      | Ijustatesigmund the Gnoll Fire Elementalist began the quest
                  | for the Orb.
     0 | D:1      | Reached XP level 1. HP: 13/13 MP: 6/6
   579 | D:1      | Reached XP level 2. HP: 19/19 MP: 3/7
   950 | D:1      | Found a faded altar of an unknown god.
  1361 | D:2      | Learned a level 2 spell: Scorch
  1476 | D:2      | Noticed a black bear
  1489 | D:2      | Reached XP level 3. HP: 21/25 MP: 6/9
  1494 | D:2      | Killed a black bear
  1495 | D:2      | Reached skill level 1 in Fighting
  1495 | D:2      | Reached skill level 1 in Short Blades
  1495 | D:2      | Reached skill level 1 in Long Blades
  1495 | D:2      | Reached skill level 1 in Axes
  1495 | D:2      | Reached skill level 1 in Maces & Flails
  1495 | D:2      | Reached skill level 1 in Polearms
  1495 | D:2      | Reached skill level 1 in Staves
  1495 | D:2      | Reached skill level 1 in Slings
  1495 | D:2      | Reached skill level 1 in Bows
  1495 | D:2      | Reached skill level 1 in Crossbows
  1495 | D:2      | Reached skill level 1 in Throwing
  1495 | D:2      | Reached skill level 1 in Armour
  1495 | D:2      | Reached skill level 1 in Shields
  1495 | D:2      | Reached skill level 1 in Unarmed Combat
  1495 | D:2      | Reached skill level 5 in Spellcasting
  1495 | D:2      | Reached skill level 1 in Hexes
  1495 | D:2      | Reached skill level 1 in Summonings
  1495 | D:2      | Reached skill level 1 in Necromancy
  1495 | D:2      | Reached skill level 1 in Translocations
  1495 | D:2      | Reached skill level 1 in Transmutations
  1495 | D:2      | Reached skill level 1 in Ice Magic
  1495 | D:2      | Reached skill level 1 in Air Magic
  1495 | D:2      | Reached skill level 1 in Earth Magic
  1495 | D:2      | Reached skill level 1 in Poison Magic
  1495 | D:2      | Reached skill level 1 in Invocations
  1495 | D:2      | Reached skill level 1 in Evocations
  1495 | D:2      | Reached XP level 4. HP: 10/32 MP: 2/11
  1723 | D:2      | Reached XP level 5. HP: 37/37 MP: 9/12
  2190 | D:2      | Noticed Jessica
  2220 | D:2      | Killed Jessica
  2695 | D:3      | Noticed Natasha
  2703 | D:3      | Killed Natasha
  2792 | D:3      | Reached XP level 6. HP: 28/44 MP: 9/13
  2826 | D:3      | Found a glowing drain.
  2831 | Sewer    | Entered a sewer
  3313 | Sewer    | Reached skill level 5 in Dodging
  3456 | Sewer    | Reached XP level 7. HP: 10/50 MP: 10/15
  3772 | D:3      | Noticed Natasha
  3791 | D:3      | Killed Natasha
  3834 | D:3      | Noticed Natasha
  3838 | D:3      | Killed Natasha
  4372 | D:3      | Found a radiant altar of Vehumet.
  4424 | D:3      | Learned a level 4 spell: Flame Wave
  4428 | D:3      | Learned a level 3 spell: Mephitic Cloud
  4865 | D:4      | Found a staircase to the Ecumenical Temple.
  4880 | Temple   | Entered the Ecumenical Temple
  4886 | Temple   | Reached skill level 5 in Stealth
  5423 | D:4      | Identified the +5 flail of Beogh's Benevolence {vorpal,
                  | rElec rPois rF- Int+2}
  5864 | D:4      | Reached XP level 8. HP: 51/57 MP: 8/16
  6039 | D:4      | Found a stormy altar of Qazlal.
  6102 | D:4      | Noticed Edmund
  6118 | D:4      | Killed Edmund
  6285 | D:4      | Found Finolugh's Antique Weapon Boutique.
  6303 | D:4      | Bought a runed war axe for 162 gold pieces
  6462 | D:5      | Entered Level 5 of the Dungeon
  6660 | D:5      | Noticed Pikel
  6682 | D:5      | Killed Pikel
  6683 | D:5      | Reached XP level 9. HP: 19/65 MP: 10/18
  7111 | D:5      | Noticed Grinder
  7116 | D:5      | Killed Grinder
  7516 | D:5      | Identified the +6 short sword "Ylutou" {flame, rF- Int+6
                  | Dex+3}
  8303 | D:6      | Identified the +0 hand axe of the Howling Seeker {vamp, rF+
                  | Str+2}
  8649 | D:6      | Reached skill level 5 in Invocations
  9043 | D:7      | Learned a level 5 spell: Borgnjor's Vile Clutch
  9055 | D:7      | Identified the +4 quarterstaff of Radicalism {drain, rCorr}
  9289 | D:7      | Learned a level 5 spell: Fireball
  9711 | D:7      | Reached XP level 10. HP: 15/73 MP: 10/20
 10104 | D:7      | Found a hide-covered altar of Uskayaw.
 10444 | D:7      | Found an iron altar of Okawaru.
 10473 | D:8      | Reached skill level 5 in Fighting
 10473 | D:8      | Reached skill level 5 in Short Blades
 10473 | D:8      | Reached skill level 5 in Long Blades
 10473 | D:8      | Reached skill level 5 in Axes
 10473 | D:8      | Reached skill level 5 in Maces & Flails
 10473 | D:8      | Reached skill level 5 in Polearms
 10473 | D:8      | Reached skill level 5 in Staves
 10473 | D:8      | Reached skill level 5 in Slings
 10473 | D:8      | Reached skill level 5 in Bows
 10473 | D:8      | Reached skill level 5 in Crossbows
 10473 | D:8      | Reached skill level 5 in Throwing
 10473 | D:8      | Reached skill level 5 in Armour
 10473 | D:8      | Reached skill level 5 in Shields
 10473 | D:8      | Reached skill level 5 in Unarmed Combat
 10473 | D:8      | Reached skill level 5 in Evocations
 11109 | D:8      | Noticed a two-headed ogre
 11121 | D:8      | Slain by a two-headed ogre

Illustrated notes

Levels and vault maps discovered:
D:1:      lemuel_arrival_muddy, layout_basic, basic_ecumenical_altar
D:2:      kennysheep_big_flooded_room, layout_loops_ring, minmay_domino_4,
          uniq_jessica
D:3:      layout_basic, fiery_altar_vehumet,
          chequers_temple_overflow_minitemple, lightli_sewer_entry_pipes,
          st_stairs_10, uniq_natasha
D:4:      layout_loops_ring, mainiacjoe_overflow_concentric_impassable,
          minmay_temple_entry_stoned_glass, serial_shops,
          nicolae_shop_temple_entry_statues_fountains, uniq_edmund
D:5:      layout_basic, serial_bayou_pond_a, uniq_pikel, uniq_grinder
D:6:      layout_rooms
D:7:      layout_basic, mainiacjoe_overflow_large_starburst
D:8:      minmay_slanted_spiral_squares, layout_loops_ring,
          kennysheep_generic_room_7
Temple:   minmay_temple_bridge_abc

Skill      XL: |  1  2  3  4  5  6  7  8  9 10 |
---------------+-------------------------------+-----
Conjurations   | 2 3 4 |  4.8
Fighting       | 1 2 3 4 5 |  5.2
Short Blades   | 1 2 3 4 5 |  5.2
Long Blades    | 1 2 3 4 5 |  5.2
Axes           | 1 2 3 4 5 |  5.2
Maces & Flails | 1 2 3 4 5 |  5.2
Polearms       | 1 2 3 4 5 |  5.2
Staves         | 1 2 3 4 5 |  5.2
Slings         | 1 2 3 4 5 |  5.2
Bows           | 1 2 3 4 5 |  5.2
Crossbows      | 1 2 3 4 5 |  5.2
Throwing       | 1 2 3 4 5 |  5.2
Armour         | 1 2 3 4 5 |  5.2
Shields        | 1 2 3 4 5 |  5.2
Unarmed Combat | 1 2 3 4 5 |  5.2
Spellcasting   | 5 6 7 |  7.3
Hexes          | 1 2 3 4 |  4.3
Summonings     | 1 2 3 4 |  4.3
Necromancy     | 1 2 3 4 |  4.3
Translocations | 1 2 3 4 |  4.3
Transmutations | 1 2 3 4 |  4.3
Ice Magic      | 1 2 3 4 |  4.3
Air Magic      | 1 2 3 4 |  4.3
Earth Magic    | 1 2 3 4 |  4.3
Poison Magic   | 1 2 3 4 |  4.3
Invocations    | 1 2 3 4 5 |  5.7
Evocations     | 1 2 3 4 5 |  5.2
Dodging        | 5 6 7 |  7.0
Stealth        | 5 6 |  6.7
Fire Magic     | 6 7 |  7.0

Action                   |  1- 3 |  4- 6 |  7- 9 | 10-12 || total
-------------------------+-------+-------+-------+-------++-------
Melee: Dagger            |    22 |     3 |       |       ||    25
       Bite              |     2 |     3 |    16 |       ||    21
       Punch             |     1 |     1 |     2 |       ||     4
       War axe           |       |    28 |   158 |     5 ||   191
 Cast: Foxfire           |    25 |    55 |    18 |     8 ||   106
       Scorch            |     6 |    18 |    23 |       ||    47
       Mephitic Cloud    |       |       |    20 |     4 ||    24
       Flame Wave        |       |       |     6 |     2 ||     8
       Borgnjor's Vile C |       |       |     5 |     1 ||     6
       Fireball          |       |       |     1 |    15 ||    16
  Use: Scroll            |     3 |     7 |     5 |     3 ||    18
       Potion            |     3 |     1 |       |       ||     4
 Stab: Sleeping          |     1 |     2 |     5 |     1 ||     9
       Confused          |       |       |     4 |       ||     4
Armor: Robe              |    14 |     8 |    29 |     1 ||    52
Dodge: Dodged            |    51 |    35 |   165 |     8 ||   259

Table legend: (Time is in decaauts)
 A = Elapsed time spent in this place.
 B = Non-inter-level travel time spent in this place.
 C = Inter-level travel time spent in this place.
 D = Time resting spent in this place.
 E = Time spent auto-exploring this place.
 F = Levels seen in this place.
 G = Mean time per level.
                   A        B        C        D        E       F      G
               +--------+--------+--------+--------+--------+-----+--------+
         Total |  11293 |  10972 |    321 |   3865 |   5555 |  10 | 1129.3 |
       Dungeon |   9881 |   9583 |    298 |   3232 |   5017 |   8 | 1235.1 |
        Temple |    442 |    419 |     23 |    220 |    187 |   1 |  442.0 |
         Sewer |    969 |    969 |      0 |    413 |    350 |   1 |  969.0 |
               +--------+--------+--------+--------+--------+-----+--------+

Top non-repeatable levels by time:
     D:7: 1584 daAuts
     D:6: 1421 daAuts
     D:5: 1347 daAuts
     D:1: 1346 daAuts
     D:3: 1328 daAuts
     D:4: 1298 daAuts
     D:2: 1246 daAuts
   Sewer: 969 daAuts
  Temple: 442 daAuts
     D:8: 307 daAuts
